 Dungeon Crawl Stone Soup version 0.27-a0-1196-g3e9cee4cb2 (webtiles) character file.

Game seed: 3044602721728702217

1086 polve the Shield-Bearer (level 8, 0/56 (58) HPs)
             Began as a Demonspawn Abyssal Knight on May 28, 2021.
             Was a Believer of Lugonu.
             Slain by a wight
             ... wielding a +3 morningstar of freezing
              (4 damage)
             ... on level 5 of the Dungeon.
             The game lasted 00:06:37 (6226 turns).

polve the Shield-Bearer (Demonspawn Abyssal Knight) Turns: 6226, Time: 00:06:37

HP:   0/56 (58)     AC:  8    Str: 14    XL:     8   Next: 9%
MP:   9/9           EV:  8    Int: 13    God:    Lugonu [**....]
Gold: 342           SH:  9    Dex: 14    Spells: 7/7 levels left

rFire    . . .     SeeInvis .   a - +2 dagger (elec)
rCold    . . .     Faith    .   r - +0 kite shield
rNeg     . . .     Spirit   .   p - +0 scale mail
rPois    .         Reflect  .   k - +0 helmet
rElec    .         Harm     .   (no cloak)
rCorr    .         Rampage  .   (no gloves)
Will     .....                  (no boots)
Stlth    ..........             (no amulet)
HPRegen  0.18/turn              (no ring)
MPRegen  0.11/turn              (no ring)

@: lightly drained
A: claws 1, demonic guardian 2, demonic magic 1
a: Renounce Religion, Depart the Abyss, Bend Space


You were on level 5 of the Dungeon.
You worshipped Lugonu.
Lugonu was pleased with you.
You visited 1 branch of the dungeon, and saw 6 of its levels.
You visited the Abyss 1 time.

You collected 342 gold pieces.

Inventory:

Hand Weapons
 a - a +2 dagger of electrocution (weapon)
Missiles
 c - 6 atropa-tipped darts
Armour
 b - a +0 leather armour
 k - a +0 helmet (worn)
 p - a +0 scale mail (worn)
 r - a +0 kite shield (worn)
Jewellery
 u - an amulet of faith
Scrolls
 e - a scroll of enchant weapon {unknown}
 g - a scroll of amnesia {unknown}
 h - 2 scrolls of torment {unknown}
 i - a scroll of silence {unknown}
 m - 5 scrolls of identify {unknown}
 n - a scroll of enchant armour {unknown}
 q - 2 scrolls of noise {unknown}
 s - a scroll of magic mapping {unknown}
 t - 3 scrolls of teleportation {unknown}
Potions
 d - a potion of attraction {unknown}
 f - a potion of haste {unknown}
 j - a potion of invisibility {unknown}
 l - 2 potions of curing
 o - a potion of lignification
 v - a potion of cancellation {unknown}
 w - 2 potions of berserk rage {unknown}


   Skills:
 - Level 3.0 Fighting
 - Level 4.0 Short Blades
 - Level 4.3 Armour
 - Level 3.9 Dodging
 + Level 5.3 Shields
 - Level 2.4 Invocations


You had 7 spell levels left.
You didn't know any spells.
Your spell library contained the following spells:

 Spells                   Type           Power      Damage    Failure   Level
 Foxfire                  Conj/Fire      0%         2x1d4     99%         1
 Magic Dart               Conj           0%         1d3       99%         1
 Summon Small Mammal      Summ           0%         N/A       99%         1
 Blink                    Tloc           N/A        N/A       100%        2
 Call Imp                 Summ           0%         N/A       100%        2
 Slow                     Hex            0%         N/A       100%        2
 Call Canine Familiar     Summ           0%         N/A       100%        3
 Confusing Touch          Hex            0%         N/A       100%        3
 Conjure Flame            Conj/Fire      0%         6-21      100%        3
 Gell's Gravitas          Tloc           0%         N/A       100%        3
 Inner Flame              Hex/Fire       0%         N/A       100%        3
 Mephitic Cloud           Conj/Pois/Air  0%         N/A       100%        3
 Summon Guardian Golem    Hex/Summ       0%         N/A       100%        3
 Petrify                  Tmut/Erth      0%         N/A       100%        4
 Sticky Flame             Conj/Fire      0%         2d3       100%        4
 Summon Ice Beast         Ice/Summ       0%         N/A       100%        4
 Summon Lightning Spire   Summ/Air       0%         N/A       100%        4
 Fireball                 Conj/Fire      0%         3d3       100%        5
 Metabolic Englaciation   Hex/Ice        0%         N/A       100%        5
 Yara's Violent Unravell  Hex/Tmut       0%         3d3       100%        5


Dungeon Overview and Level Annotations

Branches:
Dungeon (6/15)             Temple (0/1) D:4

Altars:
Ashenzari
Gozag
Makhleb
Ru
Vehumet
Wu Jian
Yredelemnul

Shops:
D:3 *[*   D:4 *


Innate Abilities, Weirdness & Mutations

You have sharp fingernails.
A demonic guardian rushes to your aid.
Spells you cast may paralyse adjacent enemies.


Message History

Your life force feels restored.
You are too injured to fight recklessly!
You are too injured to fight recklessly!
You are too injured to fight recklessly!
You are too injured to fight recklessly!
You are too injured to fight recklessly!
You barely miss the wight. You block the wight's attack.
You hit the wight.
The wight is moderately damaged.
The wight hits you with a +3 morningstar of freezing.
You feel drained. The wight freezes you.
You hit the wight but do no damage.
The wight is moderately damaged.
The wight barely misses you.
You hit the wight.
The wight is heavily damaged.
The wight hits you with a +3 morningstar of freezing!
The wight freezes you.
You closely miss the wight.
The wight is heavily damaged.
You block the wight's attack.
You closely miss the wight.
The wight is heavily damaged.
The wight hits you with a +3 morningstar of freezing.
You feel drained. The wight freezes you.
You hit the wight but do no damage.
The wight is heavily damaged.
You block the wight's attack.
You barely miss the wight.
The wight is heavily damaged.
The wight closely misses you.
You barely miss the wight.
The wight is heavily damaged.
The wight closely misses you.
You hit the wight but do no damage.
The wight is heavily damaged.
The wight hits you with a +3 morningstar of freezing!
* * * LOW HITPOINT WARNING * * *
A demonic guardian appears!
The wight freezes you.
You die...

....# ...## ....)$# #### .....
..... ..>. #..# #### ####..#
#... #....## #...z)#
##########.## #.....# #....@#
#........#.#
#.....#####....4####........#.#
......................)....#.#
#....######.#.####...)....#.#
#....##..)#.#.#....#+######.#
#....##.#.#.#.#.##.#.# #.#
#.......<.#.#.#..#.#.# #.#
##.########.#.##.#.#.# #.#
#.............##.#.#.######.#


You could see a wight (ally target) and a friendly ice devil (summoned).

Vanquished Creatures
  A water moccasin (D:6)
  A scorpion (D:5)
  2 water moccasin skeletons
  A wight (D:5)
  A bullfrog zombie (D:5)
  2 hounds
  A jelly (D:4)
  An orc wizard (D:3)
  A hound skeleton (D:4)
  4 gnolls (D:5)
  7 adders
  A white imp (D:4)
  An adder skeleton (D:4)
  2 dart slugs
  11 orcs
  4 bats
  6 endoplasms
  4 giant cockroaches
  8 goblins
  7 hobgoblins
  4 jackals (D:4)
  6 kobolds
  4 quokkas
  8 ball pythons
  3 frilled lizards
  3 rats
94 creatures vanquished.

Vanquished Creatures (collateral kills)
  Grinder (D:2)
  2 ogres
  A centaur (D:5)
  A gnoll sergeant (D:5)
  A jelly (D:4)
  2 gnolls (D:5)
  An adder (D:4)
  3 orcs (D:4)
  A bat (D:1)
  A kobold (D:1)
14 creatures vanquished.

Grand Total: 108 creatures vanquished

Notes
Turn   | Place    | Note
-------+----------+-------------------------------------------
     0 | Abyss:1  | polve the Demonspawn Abyssal Knight began the quest for the
                  | Orb.
     0 | Abyss:1  | Reached XP level 1. HP: 18/18 MP: 2/2
   126 | D:1      | Escaped the Abyss
   535 | D:1      | Gained mutation: A weak demonic guardian rushes to your
                  | aid. [demonic ancestry]
   535 | D:1      | Reached XP level 2. HP: 14/24 MP: 3/3
   903 | D:1      | Found a faded altar of an unknown god.
   934 | D:1      | Reached * piety under Lugonu
  1235 | D:1      | HP: 1/24 [kobold/+0 short sword of electrocution (19)]
  1570 | D:2      | Reached XP level 3. HP: 17/29 MP: 4/4
  2387 | D:3      | Found Empautel's Book Shoppe.
  2431 | D:3      | Noticed Grinder
  2649 | D:2      | Paralysed by Grinder for 7 turns
  2655 | D:2      | HP: 1/43 [Grinder (7)]
  2656 | D:2      | Killed Grinder
  2657 | D:2      | Reached XP level 4. HP: 1/35 MP: 5/5
  2657 | D:2      | Gained mutation: A demonic guardian rushes to your aid.
                  | [demonic ancestry]
  2657 | D:2      | Reached XP level 5. HP: 2/41 MP: 6/6
  2981 | D:3      | Found Diugusk's Assorted Antiques.
  3126 | D:3      | Found an opulent altar of Gozag.
  3131 | D:3      | Found a radiant altar of Vehumet.
  3132 | D:3      | Found a burning altar of Makhleb.
  3133 | D:3      | Found a sacrificial altar of Ru.
  3242 | D:3      | Found Taweruos's Assorted Antiques.
  3327 | D:3      | Found Ziykat's Armour Emporium.
  3550 | D:3      | Found a basalt altar of Yredelemnul.
  3550 | D:3      | Found an ornate altar of the Wu Jian Council.
  3550 | D:3      | Found a broken altar of Ashenzari.
  3779 | D:4      | Gained mutation: You have sharp fingernails. [demonic
                  | ancestry]
  3779 | D:4      | Reached XP level 6. HP: 40/47 MP: 7/7
  3869 | D:4      | You fall into a shaft and drop 2 floors!
  3871 | D:6      | Noticed a water moccasin
  3884 | D:6      | Killed a water moccasin
  4112 | D:5      | Entered Level 5 of the Dungeon
  4221 | D:5      | Reached ** piety under Lugonu
  4417 | D:5      | Reached skill level 1 in Shields
  4417 | D:5      | Reached XP level 7. HP: 47/52 MP: 8/8
  4496 | D:5      | Reached skill level 2 in Shields
  4587 | D:5      | Reached skill level 3 in Shields
  5026 | D:4      | Reached skill level 4 in Shields
  5339 | D:4      | Found Tagrohua's General Store.
  5649 | D:4      | Found a staircase to the Ecumenical Temple.
  5794 | D:4      | Gained mutation: Spells you cast may paralyse adjacent
                  | enemies. [demonic ancestry]
  5794 | D:4      | Reached XP level 8. HP: 58/58 MP: 9/9
  5814 | D:4      | Reached skill level 5 in Shields
  6226 | D:5      | Slain by a wight

Illustrated notes

Levels and vault maps discovered:
D:1:      enne_arrival_octagon_isle, layout_basic,
          hellmonk_ecumenical_altar_lost_god, dk_noncrumbling_4
D:2:      layout_loops_ring, serial_bayou_pond_a
D:3:      layout_rooms, gammafunk_temple_overflow_claw,
          grunt_temple_overflow_open, serial_shops, shop, shop_coins,
          nicolae_shop_behind_doors, shop_statue, uniq_grinder
D:4:      layout_rooms, minmay_temple_entry_mist, serial_shops,
          nicolae_shop_stone
D:5:      minmay_angry_zag, layout_basic, lightli_minifort
D:6:      layout_basic, slow_altar_2, nicolae_ossuary_entry_catacombs

Skill      XL: |  1  2  3  4  5  6  7  8 |
---------------+-------------------------+-----
Short Blades   | 2 3 4 |  4.0
Armour         | 2 3 4 |  4.3
Dodging        | 2 3 |  3.9
Shields        | 1 4 5 |  5.3
Fighting       | |  3.0
Invocations    | |  2.4

Action                   |  1- 3 |  4- 6 |  7- 9 || total
-------------------------+-------+-------+-------++-------
Melee: Short sword       |    42 |       |       ||    42
       Dagger            |    73 |   106 |   131 ||   310
       Unarmed           |     5 |       |       ||     5
Invok: Depart the Abyss  |     1 |       |       ||     1
  Use: Potion            |     1 |       |       ||     1
Armor: Leather armour    |    42 |    10 |       ||    52
       Skin              |     5 |       |       ||     5
       Scale mail        |       |    24 |    39 ||    63
Dodge: Dodged            |    78 |    41 |    43 ||   162
Block: Kite shield       |       |     3 |    46 ||    49

Table legend: (Time is in decaauts)
 A = Elapsed time spent in this place.
 B = Non-inter-level travel time spent in this place.
 C = Inter-level travel time spent in this place.
 D = Time resting spent in this place.
 E = Time spent auto-exploring this place.
 F = Levels seen in this place.
 G = Mean time per level.
                   A        B        C        D        E       F      G
               +--------+--------+--------+--------+--------+-----+--------+
         Total |   6201 |   6019 |    182 |      4 |   5269 |   7 |  885.9 |
       Dungeon |   6074 |   5892 |    182 |      0 |   5162 |   6 | 1012.3 |
         Abyss |    127 |    127 |      0 |      4 |    107 |   1 |  127.0 |
               +--------+--------+--------+--------+--------+-----+--------+

Top non-repeatable levels by time:
     D:1: 1416 daAuts
     D:2: 1335 daAuts
     D:4: 1309 daAuts
     D:5: 968 daAuts
     D:3: 804 daAuts
     D:6: 240 daAuts
 Abyss:1: 127 daAuts
